 Dungeon Crawl Stone Soup version 0.26-a0-651-gb41185065b (webtiles) character file.

Game seed: 6145373907800650679

3413 Flugslaktarn the Cleaver (level 9, -7/86 HPs)
             Began as a Deep Dwarf Fighter on Oct 6, 2020.
             Was a Follower of Makhleb.
             Killed from afar by a gargoyle (14 damage)
             ... with a stone arrow
             ... on level 8 of the Dungeon.
             The game lasted 00:03:00 (3986 turns).

Flugslaktarn the Cleaver (Deep Dwarf Fighter)       Turns: 3986, Time: 00:03:00

Health: -7/86      AC: 10    Str: 21    XL:     9   Next: 76%
Magic:  9/9        EV:  6    Int: 10    God:    Makhleb [*.....]
Gold:   117        SH: 12    Dex: 13    Spells: 8/8 levels left

rFire    + . .     SeeInvis .   n - +1 broad axe
rCold    + . .     Faith    .   c - +1 kite shield
rNeg     . . .     Spirit   .   a - +0 chain mail
rPois    .         Reflect  .   (no helmet)
rElec    .         Harm     .   m - scarf {rC+ rF+}
rCorr    .         Rampage  .   (no gloves)
MR       +....                  (no boots)
Stlth    ..........             (no amulet)
HPRegen  0.00/turn              (no ring)
MPRegen  0.11/turn              (no ring)

@: non-regenerating
A: damage resistance, heal wounds, sense surroundings 2, no regeneration
a: Heal Wounds, Renounce Religion


You were on level 8 of the Dungeon.
You worshipped Makhleb.
Makhleb was aware of your devotion.
You visited 2 branches of the dungeon, and saw 9 of its levels.

You collected 237 gold pieces.
You spent 120 gold pieces at shops.

Inventory:

Hand Weapons
 n - a +1 broad axe (weapon)
   (You bought it in a shop on level 4 of the Dungeon)
Armour
 a - a +0 chain mail (worn)
   (You took it off an orc on level 5 of the Dungeon)
 b - a +0 scale mail
 c - a +1 kite shield (worn)
 m - a scarf of resistance (worn)
   (You found it on level 4 of the Dungeon)
Jewellery
 o - an uncursed amulet of reflection {unknown}
   (You found it on level 6 of the Dungeon)
 u - a +6 ring of intelligence {unknown}
   (You found it on level 6 of the Dungeon)
Wands
 e - a wand of digging (3)
   (You found it on level 6 of the Dungeon)
 v - a wand of iceblast (9)
   (You found it on level 6 of the Dungeon)
 y - a wand of acid (10)
   (You found it on level 7 of the Dungeon)
 C - a wand of paralysis (7)
   (You found it on level 7 of the Dungeon)
Scrolls
 h - 3 scrolls of enchant armour
 i - a scroll of fear
 j - a scroll of random uselessness {unknown}
 r - a scroll of identify
 t - 4 scrolls of teleportation
 x - 2 scrolls of remove curse
 z - a scroll of blinking
 B - a scroll of fog {unknown}
Potions
 d - 8 potions of might
 f - 3 potions of stabbing
 g - a potion of ambrosia
 k - a potion of flight
 l - a potion of lignification {unknown}
 p - a potion of cancellation
 q - 2 potions of curing
 s - a potion of brilliance {unknown}
 w - 2 potions of heal wounds
 A - a potion of degeneration {unknown}


   Skills:
 * Level 7.6 Fighting
 * Level 8.6 Axes
 + Level 6.9 Armour
 + Level 6.8 Shields
 + Level 5.1 Invocations


You had 8 spell levels left.
You didn't know any spells.
Your spell library was empty.

Dungeon Overview and Level Annotations

Branches:
Dungeon (8/15)             Temple (1/1) D:6
   Lair: D:8-11

Altars:
Ashenzari
Cheibriados
Dithmenos
Elyvilon
Fedhas
Gozag
Hepliaklqana
Kikubaaqudgha
Makhleb
Nemelex Xobeh
Okawaru
Qazlal
Ru
Sif Muna
Uskayaw
Vehumet
Wu Jian
Xom
Yredelemnul
Zin
The Shining One

Shops:
D:4 (:[!   D:6 ?

Annotations:
D:4 1 exclusion


Innate Abilities, Weirdness & Mutations

You are resistant to damage.
You can heal yourself by infusing magical energy.
You passively map the area around you.
You do not regenerate.


Message History

* * * LOW HITPOINT WARNING * * *
You block the centaur warrior's attack.
You are too injured to fight recklessly!
You slash the gargoyle!
The gargoyle is severely damaged.
You slash the centaur warrior!
You kill the centaur warrior!
Makhleb accepts your kill.
Your Invocations skill increases to level 5!
You feel a little less agile now. You block the gargoyle's attack.
You block the centaur zombie's attack.
You are too injured to fight recklessly!
You hit the gargoyle.
The gargoyle is severely damaged.
You slash the centaur zombie!
You destroy the centaur zombie!
Makhleb accepts your kill.
The gargoyle hurls a stone arrow at you.
The stone arrow hits you!!
You die...

, ,, *,, , , ,
, , ,
.......##.....
, , ,
........#....
, , ,
............ ,
, * ,
,........... *
, .......... *
, #.#......,
......)9##
,#.#...(@.# ,
...........#
.....=.....# *
......(.....#
............#
#...(.(.....#
#############


You could see a gargoyle.

Vanquished Creatures
  A centaur warrior (D:8)
  Pikel (D:6)
  Psyche (D:7)
  A hippogriff (D:4)
  An ice beast (D:7)
  An ogre (D:6)
  2 phantoms
  A centaur (D:8)
  A lemure (D:6)
  A big kobold (D:7)
  4 bullfrogs
  A scorpion (D:4)
  3 killer bees (D:7)
  4 wights (D:7)
  2 centaur zombies
  A quasit (D:6)
  A bullfrog zombie (D:6)
  5 hounds
  2 jellies
  3 bullfrog skeletons (D:7)
  An iguana (D:7)
  4 worker ants
  A hound zombie (D:6)
  A hound skeleton (D:4)
  A worker ant zombie (D:8)
  4 adders
  2 river rats (D:4)
  A white imp (D:5)
  An ufetubus (D:6)
  An ooze (D:2)
  5 adder skeletons
  A worm (D:5)
  3 dart slugs
  7 leopard geckos
  9 orcs
  4 giant cockroaches
  4 goblins
  10 hobgoblins
  5 quokkas
  3 bats (D:2)
  7 frilled lizards
  11 kobolds
  A leopard gecko skeleton (D:4)
  6 rats
130 creatures vanquished.

Vanquished Creatures (others)
  A bullfrog zombie (D:8)
1 creature vanquished.

Grand Total: 131 creatures vanquished

Notes
Turn   | Place    | Note
-------+----------+-------------------------------------------
     0 | D:1      | Flugslaktarn the Deep Dwarf Fighter began the quest for the
                  | Orb.
     0 | D:1      | Reached XP level 1. HP: 20/20 MP: 1/1
    78 | D:1      | Reached XP level 2. HP: 20/27 MP: 2/2
   293 | D:2      | Reached XP level 3. HP: 34/34 MP: 3/3
   296 | D:2      | Reached skill level 3 in Axes
   500 | D:2      | Found an iron altar of Okawaru.
   564 | D:4      | Found Udgheb's Antique Weapon Shoppe.
   578 | D:4      | Found Hasm's Armour Shop.
   583 | D:4      | Reached XP level 4. HP: 31/42 MP: 4/4
   596 | D:4      | Found Voowk's Distillery.
   687 | D:4      | Found Oqikh's Book Boutique.
   705 | D:4      | Reached XP level 5. HP: 41/50 MP: 5/5
   715 | D:4      | Reached skill level 4 in Axes
   768 | D:4      | Noticed a hippogriff
   789 | D:4      | Killed a hippogriff
   789 | D:4      | Reached XP level 6. HP: 38/58 MP: 5/5
   871 | D:4      | Reached skill level 5 in Axes
  1169 | D:5      | Entered Level 5 of the Dungeon
  1284 | D:5      | Reached XP level 7. HP: 62/66 MP: 6/6
  1471 | D:5      | Reached skill level 5 in Fighting
  2129 | D:6      | Reached skill level 5 in Armour
  2154 | D:6      | Reached skill level 5 in Shields
  2164 | D:6      | Found a hide-covered altar of Uskayaw.
  2220 | D:6      | Found a staircase to the Ecumenical Temple.
  2256 | Temple   | Entered the Ecumenical Temple
  2375 | Temple   | Became a worshipper of Makhleb the Destroyer
  2461 | D:4      | Bought a broad axe for 120 gold pieces
  2739 | D:6      | Reached skill level 6 in Axes
  2739 | D:6      | Reached skill level 1 in Invocations
  2764 | D:6      | Found Vacucon's Magic Scroll Boutique.
  2796 | D:6      | Reached XP level 8. HP: 51/75 MP: 7/7
  2870 | D:6      | Noticed Pikel
  2907 | D:6      | Killed Pikel
  3035 | D:6      | Found a blossoming altar of Fedhas.
  3314 | D:7      | Reached skill level 7 in Axes
  3411 | D:7      | Reached * piety under Makhleb
  3422 | D:7      | Gained mutation: You passively map the area around you.
                  | [Deep Dwarf growth]
  3422 | D:7      | Reached XP level 9. HP: 29/85 MP: 8/8
  3836 | D:7      | Found a shimmering altar of Xom.
  3944 | D:8      | Noticed Psyche
  3944 | D:8      | Noticed a gargoyle
  3946 | D:8      | Noticed a centaur warrior
  3963 | D:7      | Killed Psyche
  3963 | D:7      | Reached skill level 8 in Axes
  3985 | D:8      | Killed a centaur warrior
  3985 | D:8      | Reached skill level 5 in Invocations
  3986 | D:8      | Killed from afar by a gargoyle

Illustrated notes

Levels and vault maps discovered:
D:1:      saegor_arrival_simple_a, layout_basic, serial_bayou_crossing
D:2:      layout_loops_ring, fountainhead, okawaru_trees_2
D:3:      layout_loops_ring, nicolae_overflow_hidden_temple,
          minmay_misc_feat_cross
D:4:      layout_cave_pools, gup_sewer_entry_spiral, serial_shops, shop, shop,
          shop_fountains, shop_fountains, minmay_cupped
D:5:      corexii_shack_village, layout_layer_cave
D:6:      layout_gridville, lemuel_doored_altar, marbit_many_paths,
          minmay_temple_entry_statues_fountains, serial_shops, shop, uniq_pikel
D:7:      layout_loops_cross, lemuel_round_altar, minmay_checkerbox
D:8:      layout_cave_pools, serial_shops, nicolae_shop_statue_plus,
          serial_glass, glass_columns_a, glass_columns_a, glass_columns_a,
          glass_columns_a, uniq_psyche
Temple:   compressed_dpeg_circular_temple

Skill      XL: |  1  2  3  4  5  6  7  8  9 |
---------------+----------------------------+-----
Fighting       | 3 4 5 6 7 |  7.6
Axes           | 3 4 5 6 7 8 |  8.6
Armour         | 4 5 6 |  6.9
Shields        | 4 5 6 |  6.8
Invocations    | 1 3 5 |  5.1

Action                   |  1- 3 |  4- 6 |  7- 9 || total
-------------------------+-------+-------+-------++-------
Melee: War axe           |   121 |   105 |   107 ||   333
       Broad axe         |       |       |   218 ||   218
 Abil: Heal Wounds       |     1 |     6 |    11 ||    18
  Use: Scroll            |       |       |    14 ||    14
 Stab: Invisible         |       |       |     1 ||     1
Armor: Scale mail        |    56 |    39 |    51 ||   146
       Chain mail        |       |       |   180 ||   180
Dodge: Dodged            |    45 |    38 |   109 ||   192
Block: Kite shield       |    73 |    59 |   259 ||   391

Table legend: (Time is in decaauts)
 A = Elapsed time spent in this place.
 B = Non-inter-level travel time spent in this place.
 C = Inter-level travel time spent in this place.
 D = Time resting spent in this place.
 E = Time spent auto-exploring this place.
 F = Levels seen in this place.
 G = Mean time per level.
                   A        B        C        D        E       F      G
               +--------+--------+--------+--------+--------+-----+--------+
         Total |   4212 |   3789 |    423 |      0 |   2611 |   9 |  468.0 |
       Dungeon |   4085 |   3699 |    386 |      0 |   2524 |   8 |  510.6 |
        Temple |    126 |     89 |     37 |      0 |     87 |   1 |  126.0 |
               +--------+--------+--------+--------+--------+-----+--------+

Top non-repeatable levels by time:
     D:5: 1057 daAuts
     D:6: 971 daAuts
     D:4: 714 daAuts
     D:7: 697 daAuts
     D:2: 411 daAuts
     D:1: 187 daAuts
  Temple: 126 daAuts
     D:8: 31 daAuts
     D:3: 13 daAuts
